 Dungeon Crawl Stone Soup version 0.32-a0-960-g3814254bd7 (webtiles) character file.

Game seed: 11302896843917820704

66303 Gargoyl the Severer (level 15, -1/145 HPs)
             Began as a Gargoyle Berserker on Apr 17, 2024.
             Was a High Priest of Trog.
             Shot with an arrow by a centaur warrior (12 damage)
             ... on level 13 of the Dungeon.
             The game lasted 00:26:35 (18980 turns).

Gargoyl the Severer (Gargoyle Berserker)           Turns: 18980, Time: 00:26:36

Health: -1/145     AC: 27    Str: 22    XL:     15   Next: 19%
Magic:  15/15      EV: 10    Int:  8    God:    Trog [*****.]
Gold:   2571       SH: 14    Dex: 24    Spells: 14/14 levels left

rFire   . . .        b - +4 broad axe (venom)
rCold   . . .        g - +0 kite shield
rNeg    + . .        n - +0 chain mail
rPois   ∞            l - +0 helmet
rElec   +            (no cloak)
rCorr   .            A - +1 pair of gloves {Dex+3}
SInv    +            (no boots)
Will    +....        (no amulet) Stlth
                     e - ring of see invisible
HPRegen 0.44/turn    k - +6 ring of dexterity
MPRegen 0.14/turn

%: no passive effects
@: berserking (expiring), frozen, flying, very quick
A: sickness immunity, AC +11, big wings, negative energy resistance 1,
electricity resistance, torment resistance 1, petrification resistance
a: Renounce Religion, Berserk, Trog's Hand, Brothers in Arms


You were on level 13 of the Dungeon.
You worshipped Trog.
Trog was extremely pleased with you.
You visited 2 branches of the dungeon, and saw 18 of its levels.
You also visited: Ossuary and Bailey.

You collected 2631 gold pieces.
You spent 60 gold pieces at shops.

Inventory:

Hand Weapons
 b - a +4 broad axe of venom (weapon)
 r - a +1 broad axe
 E - a +4 scimitar of flaming
 M - a +5 antimagic hand axe
Missiles
 f - 87 poisoned darts
 J - 6 curare-tipped darts (quivered)
Armour
 g - a +0 kite shield (worn)
 l - a +0 helmet (worn)
 n - a +0 chain mail (worn)
 A - a +1 pair of gloves of dexterity (worn)
Jewellery
 e - a ring of see invisible (left hand)
 i - an amulet of the acrobat
 k - a +6 ring of dexterity (right hand)
 p - a ring of resist corrosion
 y - the ring "Puthoes" {rF+ AC+4 Int+3}
   (You found it on level 4 of the Lair of Beasts)

   [ring of protection]

   AC+4:      It affects your AC (+4).
   Int+3:     It affects your intelligence (+3).
   rF+:       It protects you from fire.
 C - a +5 ring of evasion
 D - a ring of fire
 G - a +4 ring of protection
 K - a +5 ring of evasion
 L - the ring "Gupseer" {Fly rN+ Str+3 Int+3}
   (You found it on level 11 of the Dungeon)

   [ring of positive energy]

   Str+3:     It affects your strength (+3).
   Int+3:     It affects your intelligence (+3).
   rN+:       It protects you from negative energy.
   Fly:       It grants you flight.
Wands
 h - a wand of polymorph (5)
 j - a wand of digging (12)
 q - a wand of mindburst (20)
 x - a wand of charming (6)
 B - a wand of iceblast (13)
 H - a wand of flame (9)
Scrolls
 a - 2 scrolls of blinking
 c - 8 scrolls of identify
 o - 5 scrolls of teleportation
 u - 3 scrolls of poison
 I - 2 scrolls of silence
 O - a scroll of revelation
Potions
 d - 6 potions of curing
 m - a potion of lignification
 s - 2 potions of resistance
 t - 5 potions of might
 v - a potion of magic
 z - 2 potions of invisibility
 F - 2 potions of haste


   Skills:
 + Level 12.9 Fighting
 + Level 2.2 Long Blades
 + Level 16.6 Axes
 + Level 0.1 Throwing
 + Level 11.3 Armour
 + Level 5.3 Dodging
 + Level 3.4 Stealth
 + Level 11.2 Shields


You had 14 spell levels left.
You didn't know any spells.
Your spell library was empty.

Dungeon Overview and Level Annotations

Branches:
Dungeon (13/15)            Temple (0/1) D:4            Lair (5/5) D:8
 Shoals (0/4) Lair:3        Snake (0/4) Lair:2        Slime (0/5) Lair:5
    Orc (0/2) D:9         Ossuary (visited)          Bailey (visited)
 Vaults: D:13-14

Altars:
Cheibriados
Dithmenos
Elyvilon
Hepliaklqana
Nemelex Xobeh
Uskayaw
Wu Jian
Xom
Zin
Jiyva

Shops:
D:2 !


Innate Abilities, Weirdness & Mutations

You are immune to sickness and miasma.
Your stone body is resilient. (AC +11)
You are immune to poison.
Your large and strong wings let you fly.
You resist negative energy. (rN+)
You are resistant to electric shocks. (rElec)
You are resistant to unholy torment.
You are immune to petrification.


Message History

Found a stone staircase leading up.
The vault guard shouts!
The ironbound frostheart calls freezing cold from the walls.
The frost grips you but does no damage.
You are encased in ice.
You see here a +1 scimitar of flaming.
You feel a strong urge to attack something.
The ironbound frostheart touches you. The ironbound frostheart freezes you!
Unknown command.
You closely miss the ironbound frostheart.
Unknown command.
You slash the ironbound frostheart!
The ironbound frostheart looks as sick as possible!
The ironbound frostheart is moderately wounded.
The ice encasing you melts away.
The ironbound frostheart closely misses you.
Unknown command.
You slice the ironbound frostheart!!
The ironbound frostheart is severely wounded.
You hit the vault guard.
The vault guard is poisoned.
Unknown command.
You hit the ironbound frostheart.
The ironbound frostheart looks as sick as possible!
The ironbound frostheart is severely wounded.
You closely miss the vault guard.
Your skin stops crawling.
You feel less strong-willed.
The vault guard hits you with a +0 long sword!
* * * LOW HITPOINT WARNING * * *
The ironbound frostheart calls freezing cold from the walls.
The frost grips you!!
* * * LOW HITPOINT WARNING * * *
You are encased in ice.
Unknown command.
You slash the ironbound frostheart!
You kill the ironbound frostheart!
Trog accepts your kill.
Trog appreciates your killing of a magic user.
You slice the vault guard!!
The centaur warrior shoots an arrow.
The arrow hits you!
You die...

#.# ..## . ..# ..
#.# ... ###.###
##...c #.....#
#....
#.....####[.##...
#.......)@p......
#.....##...###...
#######..###
..... ...<...
..........
...........
#########...


You could see a vault guard (very poisoned) and a centaur warrior.

Vanquished Creatures
  Fannar (D:12)
  Erolcha (D:9)
  3 hydras
  An ironbound frostheart (D:13)
  Erica (D:9)
  3 two-headed ogres
  The ghost of topfpfpflanze the Nimble, a journeyman FeNe (Lair:4)
  Sonja (D:10)
  Amaemon (Lair:1)
  2 skysharks
  The ghost of Ijustatesigmund the Conjurer, a novice GnCj (D:6)
  A necromancer (Lair:3)
  An oklob plant (Lair:4)
  A manticore (D:13)
  A salamander (Lair:2)
  3 cyclopes
  A centaur zombie (D:13)
  15 elephants
  5 black mambas
  A torpor snail (Lair:4)
  A gargoyle (D:13)
  An orange demon (Lair:1)
  3 kobold demonologists (D:12)
  17 cane toads
  9 komodo dragons
  An efreet (D:13)
  A redback zombie (D:13)
  The ghost of whodunnit the Insei, a novice OpSh of Uskayaw (D:6)
  Psyche (D:11)
  2 rime drakes
  8 hornets
  9 polar bears
  4 trolls
  25 blink frogs
  2 dream sheep (Lair:4)
  9 slime creatures
  A centaur simulacrum (D:13)
  4 wraiths
  14 spriggans (Lair:5)
  A vampire (D:11)
  A basilisk (Lair:2)
  9 wyverns
  2 hogs (Lair:5)
  A warg (D:9)
  37 yaks
  Grum (D:10)
  2 steam dragons
  A naga (Lair:2)
  An acid dragon (D:12)
  9 water moccasins
  2 ice beasts
  2 elephant zombies (Lair:3)
  4 black bears
  9 orc warriors
  3 ogres
  19 wolves
  3 boggarts (Lair:5)
  4 centaurs
  A phantom (D:5)
  An elf zombie (Ossuary)
  14 kobold brigands
  2 weeping skulls (Ossuary)
  20 bullfrogs
  2 komodo dragon zombies (Lair:3)
  3 gnoll sergeants
  3 scorpions
  A hornet simulacrum (D:13)
  6 killer bees (D:8)
  5 howler monkeys
  5 electric eels
  2 hounds
  2 human zombies (Ossuary)
  9 jellies
  A basilisk zombie (Lair:3)
  2 bombardier beetles
  4 orc priests
  2 sleepcaps
  11 orc wizards
  3 mummies
  21 gnolls
  7 adders
  2 white imps
  4 ufetubi (D:5)
  2 dart slugs
  2 ribbon worms
  32 orcs
  4 endoplasms
  A giant cockroach (D:3)
  5 hobgoblins
  A quokka (D:1)
  18 ball pythons
  4 bats
  3 frilled lizards
  7 goblins
  45 kobolds
  3 kobold zombies
  An orc zombie (Ossuary)
  6 rats
  A butterfly (Lair:4)
537 creatures vanquished.

Vanquished Creatures (collateral kills)
  Kirke (Lair:5)
  A hydra (Lair:5)
  A catoblepas (Lair:4)
  A boulder beetle (Lair:4)
  The ghost of kr4n3 the Skirmisher, a novice DrHu of Hepliaklqana (D:8)
  The ghost of P0WERM0DE the Prestidigitator, a novice CoCK of Xom (D:8)
  The ghost of P0WERM0DE the Trooper, a novice CoCK of Gozag (D:8)
  The ghost of jSlice the Mimic, a novice OpSh of Okawaru (D:8)
  2 komodo dragons
  5 yaks (Lair:1)
  A hog (Lair:5)
  A wolf (Lair:4)
  A bullfrog (Lair:4)
18 creatures vanquished.

Grand Total: 555 creatures vanquished

Notes
Turn   | Place    | Note
-------+----------+-------------------------------------------
     0 | D:1      | Gargoyl the Gargoyle Berserker began the quest for the Orb.
     0 | D:1      | Reached XP level 1. HP: 14/14 MP: 1/1
   147 | D:1      | Reached XP level 2. HP: 19/19 MP: 2/2
   149 | D:1      | Reached skill level 3 in Axes
   163 | D:1      | Found a faded altar of an unknown god.
   177 | D:1      | Reached XP level 3. HP: 24/24 MP: 3/3
  1210 | D:2      | Found a white marble altar of Elyvilon.
  1774 | D:2      | Found Pug Puufamn's Distillery.
  1785 | D:2      | Bought a potion of heal wounds for 60 gold pieces
  2274 | D:3      | Noticed an ogre
  2285 | D:3      | Killed an ogre
  2286 | D:3      | Reached XP level 4. HP: 29/29 MP: 4/4
  2286 | D:3      | Reached XP level 5. HP: 33/33 MP: 5/5
  2383 | D:3      | Reached ** piety under Trog
  2474 | D:3      | Reached skill level 4 in Axes
  2580 | D:3      | Reached skill level 1 in Stealth
  2612 | D:3      | Reached XP level 6. HP: 37/39 MP: 6/6
  2988 | D:4      | Identified a scroll of acquirement
  2988 | D:4      | Acquired a +0 broad axe of venom
  3125 | D:4      | Found a shadowy altar of Dithmenos.
  3301 | D:4      | Found a staircase to the Ecumenical Temple.
  3397 | D:4      | Reached skill level 5 in Axes
  3533 | D:4      | Reached skill level 1 in Shields
  3533 | D:4      | Reached XP level 7. HP: 12/44 MP: 7/7
  3853 | D:5      | Entered Level 5 of the Dungeon
  4119 | D:5      | Found a sparkling altar of Nemelex Xobeh.
  4220 | D:5      | Reached skill level 5 in Fighting
  4227 | D:5      | Reached skill level 6 in Axes
  4227 | D:5      | Reached XP level 8. HP: 49/49 MP: 8/8
  4411 | D:5      | Reached *** piety under Trog
  5019 | D:6      | Reached skill level 5 in Armour
  5323 | D:6      | Reached skill level 7 in Axes
  5477 | D:6      | Reached XP level 9. HP: 41/55 MP: 9/9
  5810 | D:6      | Found a runed translucent gate.
  5811 | D:6      | Found a runed translucent gate.
  5811 | D:6      | Found a runed translucent gate.
  5818 | D:6      | Noticed whodunnit's ghost (novice OpSh)
  5818 | D:6      | Noticed Ijustatesigmund's ghost (novice GnCj)
  5834 | D:6      | Killed whodunnit's ghost
  5845 | D:6      | Killed Ijustatesigmund's ghost
  5846 | D:6      | Reached skill level 8 in Axes
  6154 | D:7      | Found a sand-covered staircase.
  6161 | Ossuary  | Entered an ossuary
  6161 | Ossuary  | Found a huge runed translucent gate.
  6161 | Ossuary  | Found a huge runed translucent gate.
  6161 | Ossuary  | Found a huge runed translucent gate.
  6161 | Ossuary  | Found a huge runed translucent gate.
  6161 | Ossuary  | Found a huge runed translucent gate.
  6161 | Ossuary  | Found a huge runed translucent gate.
  6161 | Ossuary  | Found a huge runed translucent gate.
  6161 | Ossuary  | Found a huge runed translucent gate.
  6162 | Ossuary  | Found a huge runed translucent gate.
  6162 | Ossuary  | Found a huge runed translucent gate.
  6162 | Ossuary  | Found a huge runed translucent gate.
  6163 | Ossuary  | Found a huge runed translucent gate.
  6163 | Ossuary  | Found a huge runed translucent gate.
  6165 | Ossuary  | Found a huge runed translucent gate.
  6165 | Ossuary  | Found a huge runed translucent gate.
  6168 | Ossuary  | Found a huge runed translucent gate.
  6168 | Ossuary  | Found a huge runed translucent gate.
  6168 | Ossuary  | Found a huge runed translucent gate.
  6168 | Ossuary  | Found a huge runed translucent gate.
  6168 | Ossuary  | Found a huge runed translucent gate.
  6169 | Ossuary  | Found a huge runed translucent gate.
  6177 | Ossuary  | Reached skill level 9 in Axes
  6177 | Ossuary  | Found a huge runed translucent gate.
  6189 | Ossuary  | Found a huge runed translucent gate.
  6189 | Ossuary  | Found a huge runed translucent gate.
  6190 | Ossuary  | Found a huge runed translucent gate.
  6190 | Ossuary  | Found a huge runed translucent gate.
  6191 | Ossuary  | Found a huge runed translucent gate.
  6191 | Ossuary  | Found a huge runed translucent gate.
  6196 | Ossuary  | Found a huge runed translucent gate.
  6196 | Ossuary  | Found a huge runed translucent gate.
  6203 | Ossuary  | Reached **** piety under Trog
  6212 | Ossuary  | Found a huge runed translucent gate.
  6212 | Ossuary  | Found a huge runed translucent gate.
  6212 | Ossuary  | Found a huge runed translucent gate.
  6212 | Ossuary  | Found a huge runed translucent gate.
  6214 | Ossuary  | Found a huge runed translucent gate.
  6321 | D:7      | Reached XP level 10. HP: 61/61 MP: 10/10
  6336 | D:7      | Identified the +1 robe of Soefinuo {+Blink}
  6414 | D:7      | Found a shimmering altar of Xom.
  6415 | D:7      | Found a hazy altar of Hepliaklqana.
  6424 | D:7      | Noticed a spectral ugly thing
  7143 | D:7      | Found a hide-covered altar of Uskayaw.
  7365 | D:8      | Found an ornate altar of the Wu Jian Council.
  7450 | D:8      | Found a staircase to the Lair.
  7460 | D:8      | Reached skill level 5 in Shields
  7466 | D:8      | Reached skill level 10 in Axes
  7983 | D:8      | Found a snail-covered altar of Cheibriados.
  8122 | D:8      | Found a runed translucent gate.
  8122 | D:8      | Found a runed translucent gate.
  8122 | D:8      | Found a runed translucent gate.
  8122 | D:8      | Noticed P0WERM0DE's ghost (novice CoCK)
  8123 | D:8      | Noticed jSlice's ghost (novice OpSh)
  8123 | D:8      | Noticed kr4n3's ghost (novice DrHu)
  8123 | D:8      | Noticed P0WERM0DE's ghost (novice CoCK)
  8134 | D:8      | Killed P0WERM0DE's ghost
  8138 | D:8      | Killed P0WERM0DE's ghost
  8139 | D:8      | Reached skill level 11 in Axes
  8140 | D:8      | Killed kr4n3's ghost
  8141 | D:8      | Reached XP level 11. HP: 68/68 MP: 11/11
  8141 | D:8      | Killed jSlice's ghost
  8205 | Lair:1   | Entered Level 1 of the Lair of Beasts
  8205 | Lair:1   | Noticed Amaemon
  8217 | Lair:1   | Killed Amaemon
  8290 | Lair:1   | Reached skill level 12 in Axes
  9616 | Lair:2   | Reached XP level 12. HP: 72/76 MP: 12/12
  9640 | Lair:2   | Reached skill level 13 in Axes
  9643 | Lair:2   | HP: 2/114 [salamander (14)]
 10083 | Lair:2   | Noticed a seven-headed hydra
 10103 | Lair:1   | Killed a three-headed hydra
 10483 | Lair:2   | Reached skill level 1 in Long Blades
 10495 | Lair:2   | Reached ***** piety under Trog
 10498 | Lair:2   | Reached skill level 10 in Fighting
 10810 | Lair:2   | Found a staircase to the Snake Pit.
 11372 | Lair:3   | Acquired 770 gold pieces
 11391 | Lair:3   | Reached skill level 14 in Axes
 11430 | Lair:3   | Reached XP level 13. HP: 63/82 MP: 13/13
 11728 | Lair:3   | Found a staircase to the Shoals.
 12735 | Lair:4   | Received a gift from Trog
 12848 | Lair:4   | Reached skill level 10 in Armour
 12944 | Lair:4   | Reached skill level 15 in Axes
 13199 | Lair:4   | Found a runed translucent gate.
 13200 | Lair:4   | Found a runed translucent gate.
 13200 | Lair:4   | Noticed topfpfpflanze's ghost (journeyman FeNe)
 13201 | Lair:4   | Found a runed translucent gate.
 13266 | Lair:4   | Killed topfpfpflanze's ghost
 13327 | Lair:4   | Identified the ring "Puthoes" {rF+ AC+4 Int+3}
 13611 | Lair:5   | Entered Level 5 of the Lair of Beasts
 13611 | Lair:5   | Found a staircase to the Slime Pits.
 13624 | Lair:5   | Noticed Kirke
 13626 | Lair:5   | Found a viscous altar of Jiyva.
 13638 | Lair:5   | Gained mutation: Your large and strong wings let you fly.
                  | [Gargoyle growth]
 13638 | Lair:5   | Reached XP level 14. HP: 63/90 MP: 14/14
 13647 | Lair:5   | Killed Kirke
 13927 | Lair:5   | Reached skill level 10 in Shields
 15040 | Lair:5   | Identified the +8 spear of Evisceration {vamp, rN++ Str+3}
 15498 | D:9      | Noticed Erica
 15505 | D:9      | Killed Erica
 15506 | D:9      | Reached skill level 5 in Dodging
 15594 | D:9      | Noticed Erolcha
 15604 | D:9      | Killed Erolcha
 15605 | D:9      | Reached skill level 16 in Axes
 15705 | D:9      | Found a glowing silver altar of Zin.
 15882 | D:9      | Found a staircase to the Orcish Mines.
 16122 | D:10     | Entered Level 10 of the Dungeon
 16181 | D:10     | Noticed Grum
 16205 | D:10     | Killed Grum
 16600 | D:10     | Found a flagged portal.
 16656 | D:10     | Noticed Sonja
 16682 | D:10     | Killed Sonja
 16689 | Bailey   | Entered a bailey
 16821 | Bailey   | Found an iron altar of Okawaru.
 17114 | D:11     | Noticed Psyche
 17120 | D:11     | Killed Psyche
 17712 | D:11     | Identified the ring "Gupseer" {Fly rN+ Str+3 Int+3}
 17740 | D:12     | Noticed Fannar
 17754 | D:12     | Killed Fannar
 17754 | D:12     | Received a gift from Trog
 18009 | D:12     | Reached XP level 15. HP: 81/97 MP: 15/15
 18980 | D:13     | Shot with an arrow by a centaur warrior

Illustrated notes

Levels and vault maps discovered:
D:1:      wheals_arrival_linesprint, layout_basic,
          nicolae_ecumenical_snake_handling
D:2:      layout_loops_corners, basic_altar, serial_shops, shop_coins,
          roderic_serpentine_path, kennysheep_cluttered_room,
          kennysheep_generic_room_13
D:3:      layout_basic, nrook_mini_backslash, minmay_guardbox
D:4:      layout_loops_ring, mainiacjoe_overflow_24_doors,
          minmay_temple_entry_antechambers, nicolae_houndstooth_variations
D:5:      layout_cave_pods, nemelex_xobeh_ov_fountains_minmay
D:6:      layout_cave_pods, gammafunk_ghost_cemetery
D:7:      layout_loops_ring, regret_index_temple_of_mockery,
          nicolae_uskayaw_dance_studio, nicolae_ossuary_entry_giza
D:8:      layout_gridville, kennysheep_mini_moat, nzn_wu_jian_council_hall,
          david_lair_shrubbed, gammafunk_ghost_cemetery
D:9:      layout_cave_pools, kennysheep_little_box, david_orc_1_choice,
          minmay_misc_feat_tiny, uniq_erolcha, uniq_erica
D:10:     layout_loops_cross, enter_bailey_6, uniq_sonja, uniq_grum
D:11:     layout_gridville, uniq_psyche
D:12:     layout_irregular_city, uniq_fannar
D:13:     evilmike_negative_zone, layout_rooms, hellmonk_vaults_keyhole,
          serial_shops, shop
Lair:1:   layout_gridlike, nicolae_quartered_pool_medium, grunt_megastairs_4,
          serial_bayou_shore_b, infiniplex_staircase_pool, serial_bayou_shore_b,
          uniq_amaemon
Lair:2:   layout_cave_pods, alex1729_snake_entry_snake, serial_bayou_shore_b
Lair:3:   pond_and_an_island_with_a_cottage, layout_regular_city,
          elwin_shoals_entry_rocks
Lair:4:   layout_hall_layers, gammafunk_ghost_split, lemuel_fruit_fields,
          grunt_megastairs_5
Lair:5:   minmay_lair_end_enchanted_forest, layout_long_grid,
          nicolae_slime_entry_field_trip, infiniplex_staircase_pool_2,
          lemuel_fruit_fields, uniq_kirke

Skill      XL: |  1  2  3  4  5  6  7  8  9 10 11 12 13 14 15 |
---------------+----------------------------------------------+-----
Axes           | 3 4 5 6 7 9 11 12 14 15 16 | 16.6
Dodging        | 2 3 4 5 |  5.3
Fighting       | 4 5 6 8 9 10 11 12 | 12.9
Stealth        | 1 2 3 |  3.4
Shields        | 1 2 3 4 6 7 8 9 10 11 | 11.2
Armour         | 3 5 6 7 8 9 10 11 | 11.3
Long Blades    | 1 2 |  2.2
Throwing       | |  0.1

Action                     |  1- 3 |  4- 6 |  7- 9 | 10-12 | 13-15 || total
---------------------------+-------+-------+-------+-------+-------++-------
  Melee: Hand axe          |    88 |    48 |       |       |       ||   136
         Broad axe         |       |    30 |   192 |   326 |   810 ||  1358
         Long sword        |       |       |       |     4 |     8 ||    12
         Scimitar          |       |       |       |       |    14 ||    14
  Throw: Dart              |       |     2 |       |     1 |       ||     3
 Invoke: Berserk           |     2 |     1 |     4 |     9 |     9 ||    25
         Trog's Hand       |       |     1 |     2 |     5 |     7 ||    15
         Brothers in Arms  |       |       |       |     2 |     2 ||     4
    Use: Scroll            |     5 |     5 |     2 |     7 |    11 ||    30
         Potion            |       |     1 |     1 |       |     3 ||     5
   Stab: Sleeping          |     1 |     1 |       |       |       ||     2
         Distracted        |       |       |       |       |     1 ||     1
         Petrifying        |       |       |       |       |     1 ||     1
         Petrified         |       |       |       |       |     1 ||     1
 Armour: Animal skin       |    57 |    23 |       |       |       ||    80
         Chain mail        |       |    28 |   223 |   333 |   620 ||  1204
  Dodge: Dodged            |    67 |    36 |    77 |   136 |   311 ||   627
  Block: Kite shield       |       |    33 |   142 |   272 |   690 ||  1137

Table legend: (Time is in decaauts)
 A = Elapsed time spent in this place.
 B = Non-inter-level travel time spent in this place.
 C = Inter-level travel time spent in this place.
 D = Time resting spent in this place.
 E = Time spent auto-exploring this place.
 F = Levels seen in this place.
 G = Mean time per level.
                   A        B        C        D        E       F      G
               +--------+--------+--------+--------+--------+-----+--------+
         Total |  19265 |  18401 |    864 |   2382 |  11930 |  20 |  963.2 |
       Dungeon |  11803 |  11082 |    721 |    858 |   7995 |  13 |  907.9 |
          Lair |   7063 |   6920 |    143 |   1476 |   3763 |   5 | 1412.6 |
       Ossuary |    152 |    152 |      0 |      0 |     56 |   1 |  152.0 |
        Bailey |    246 |    246 |      0 |     47 |    116 |   1 |  246.0 |
               +--------+--------+--------+--------+--------+-----+--------+

Top non-repeatable levels by time:
  Lair:2: 1588 daAuts
  Lair:5: 1558 daAuts
  Lair:1: 1461 daAuts
  Lair:3: 1375 daAuts
     D:7: 1371 daAuts
     D:2: 1144 daAuts
     D:6: 1107 daAuts
     D:5: 1090 daAuts
  Lair:4: 1079 daAuts
     D:1: 1074 daAuts
     D:8: 1001 daAuts
    D:12: 941 daAuts
     D:4: 917 daAuts
     D:3: 781 daAuts
    D:10: 732 daAuts
